[Event "ICC Open 2015"]
[Site "Internet Chess Club"]
[Date "2015.05.29"]
[Round "2"]
[White "Havank"]
[Black "MastroNuzzo"]
[Result "0-1"]
[ICCResult "White checkmated"]
[WhiteElo "1998"]
[BlackElo "2442"]
[Opening "Queen's Pawn"]
[ECO "A41"]
[NIC "QO.17"]
[Time "14:14:25"]
[TimeControl "180+0"]

1. d4 d6 2. g3 Nf6 3. Bg2 c6 4. e4 Nbd7 5. Ne2 e5 6. h3 Be7 7. Be3 O-O 8.
O-O Qc7 9. Nbc3 Re8 10. Qd2 Bf8 11. Rad1 b5 12. dxe5 dxe5 13. a3 a5 14. a4
b4 15. Na2 Ba6 16. Rfe1 Red8 17. Qc1 c5 18. g4 c4 19. Ng3 Nc5 20. f3 Ne6 21.
Bf1 Bc5 22. Kf2 Bd4 23. c3 Bxe3+ 24. Qxe3 b3 25. Nc1 Nf4 26. g5 Ne8 27. Nge2
Nd3+ 28. Nxd3 cxd3 29. Ng3 Qc4 30. h4 Nc7 31. h5 Ne6 32. h6 g6 33. Bh3 Nf4
34. Bg4 Qxa4 35. Qc5 Qe8 36. Nf1 a4 37. Ne3 Rac8 38. Qa5 Bb7 39. c4 Ra8 40.
Qb4 Bc6 41. Nd5 Bxd5 42. exd5 Qf8 43. Qc3 Qc5+ 44. Kg3 Re8 45. Rxe5 f6 46.
Rxe8+ Rxe8 47. Qxf6 Ne2+ 48. Kh3 Qc7 49. d6 Qf7 50. Qxf7+ Kxf7 51. Rxd3 Nf4+
52. Kg3 Nxd3 53. d7 Rd8 54. f4 Nxb2 55. Kf3 a3 56. Ke4 a2 57. Ke5 a1=Q 58.
Be6+ Ke7 59. c5 Nc4+ 60. Kd5 Qd1+ 61. Kxc4 Qe2+ 62. Kb4 Qxe6 63. c6 Qxc6 64.
Ka3 Qxd7 65. Kb2 Qf5 66. Ka3 Qxf4 67. Kb2 Rd4 68. Kc3 Rb4 69. Kb2 Qc4 70.
Ka3 Rb5 71. Kb2 Qc2+ 72. Ka3 Qa2# {White checkmated} 0-1

[Event "ICC Open 2015"]
[Site "Internet Chess Club"]
[Date "2015.05.29"]
[Round "2"]
[White "raanan"]
[Black "rynos0411"]
[Result "0-1"]
[ICCResult "White forfeits on time"]
[WhiteElo "1297"]
[BlackElo "1712"]
[Opening "Giuoco Pianissimo"]
[ECO "C50"]
[NIC "IG.02"]
[Time "14:14:26"]
[TimeControl "180+0"]

1. e4 e5 2. Nf3 Nc6 3. Bc4 Bc5 4. d3 h6 5. O-O Nf6 6. c3 d6 7. h3 O-O 8.
Nbd2 a5 9. a4 Be6 10. Bxe6 fxe6 11. Qb3 Qc8 12. Qa2 Re8 13. Nb3 Ba7 14. d4
exd4 15. cxd4 Nxe4 16. Be3 Kh8 17. Rad1 Nf6 18. Nbd2 Qd7 19. Qb1 Bb6 20. Qg6
Ng8 21. Nh4 Nce7 22. Qf7 Rf8 23. Ng6+ Kh7 24. Nxf8+ Rxf8 25. Qxf8 Nf6 26.
Nf3 Ng6 27. Qa8 c6 28. Qb8 Nd5 29. g4 Nxe3 30. fxe3 Qc7 31. Qxc7 Bxc7
{White forfeits on time}
0-1

[Event "ICC Open 2015"]
[Site "Internet Chess Club"]
[Date "2015.05.29"]
[Round "2"]
[White "triumphant1"]
[Black "khekhm"]
[Result "1-0"]
[ICCResult "Black forfeits on time"]
[WhiteElo "2074"]
[BlackElo "2660"]
[Opening "King's Indian: London system"]
[ECO "A48"]
[NIC "QP.03"]
[Time "14:14:29"]
[TimeControl "180+0"]

1. d4 Nf6 2. Nf3 g6 3. Bf4 Bg7 4. e3 O-O 5. h3 d5 6. c3 c5 7. Bd3 Nc6 8. O-O
b6 9. Nbd2 Bb7 10. Qe2 Re8 11. Ne5 Nd7 12. Nxd7 Qxd7 13. Nf3 f5 14. Bb5 a6
15. Bxc6 Qxc6 16. Ne5 Qe6 17. Bg3 Rec8 18. Rfc1 Bc6 19. b3 Be8 20. Rab1 g5
21. f4 h6 22. Kh1 a5 23. a4 Ra7 24. Qd3 c4 25. Qc2 b5 26. bxc4 bxc4 27. Rb2
Bxe5 28. fxe5 Bg6 29. Qd2 Rf8 30. Rb5 f4 31. exf4 Be4 32. Re1 Qxh3+ 33. Kg1
Qxg3 34. Rxe4 dxe4 35. Qf2 Qxc3 36. e6 Rc7 37. g3 Qc1+ 38. Kg2 c3 39. Rc5
Rxc5 40. dxc5 c2 41. Qd4 Qd1 42. Qxe4 Qd2+ 43. Kh3 Rf6 44. Qa8+ Kg7 45. Qe8
gxf4 46. Qxe7+ Kg6 47. Qe8+ Kf5 48. Qh5+ Kxe6 49. Qg4+ Kf7 50. Qf3 Ke7 51.
Qd5 Qxd5 52. gxf4 Qf5+ 53. Kg3 Qxf4+ 54. Kg2 c1=Q 55. Kh3 Qcd2 56. c6 Qde3+
57. Kg2 Qff2+ 58. Kh1 {Black forfeits on time} 1-0

[Event "ICC Open 2015"]
[Site "Internet Chess Club"]
[Date "2015.05.29"]
[Round "2"]
[White "SergeantSwing"]
[Black "LLEonidSTEin"]
[Result "1-0"]
[ICCResult "Black forfeits on time"]
[WhiteElo "1520"]
[BlackElo "1859"]
[Opening "Caro-Kann: Steinitz variation"]
[ECO "B17"]
[NIC "CK.05"]
[Time "14:14:52"]
[TimeControl "180+0"]

1. e4 c6 2. d4 d5 3. Nc3 dxe4 4. Nxe4 Nd7 5. Ng5 e6 6. Bd3 Ngf6 7. N1f3 h6
8. Nxe6 fxe6 9. Bg6+ Ke7 10. O-O Qa5 11. Re1 Nb6 12. b3 Bd7 13. c4 Kd8 14.
Ne5 Kc8 15. Bf4 Bb4 16. Re2 Rf8 17. Rc1 Ba3 18. Rcc2 Qa6 19. d5 exd5 20.
cxd5 Nbxd5 21. Nxd7 Kxd7 22. Bf5+ Kd8 23. Rcd2 Qb5 24. Bd3 Qa5 25. Bc4 Bb4
26. Rd3 Kc8 27. Rc2 Kd8 28. Bc1 Re8 29. a3 Re1+ 30. Qxe1 Bxe1 31. h3 Qb6 32.
Kh2 Kc8 33. Bxd5 Nxd5 34. Rxd5 Qxf2 35. Rxf2 Bxf2 36. Rf5 Bd4 37. Rf8+ Kc7
38. Rxa8 Kb6 39. Rg8 Bf6 40. Rf8 a5 41. b4 axb4 42. axb4 Kb5 43. Bf4 b6 44.
Re8 Bd4 45. Be5 Kxb4 46. Bxd4 c5 47. Bxg7 c4 48. Bxh6 c3 49. Rc8 Kb3 50. Rb8
Kc2 51. Rxb6 {Black forfeits on time} 1-0

[Event "ICC Open 2015"]
[Site "Internet Chess Club"]
[Date "2015.05.29"]
[Round "2"]
[White "slothchess"]
[Black "JUGGERNOT"]
[Result "1-0"]
[ICCResult "Black forfeits on time"]
[WhiteElo "1543"]
[BlackElo "1862"]
[Opening "Scandinavian: Marshall variation"]
[ECO "B01"]
[NIC "SD.03"]
[Time "14:14:39"]
[TimeControl "180+0"]

1. e4 d5 2. exd5 Nf6 3. d4 Nxd5 4. c4 Nf6 5. Nc3 Nc6 6. Bg5 Qxd4 7. Qxd4
Nxd4 8. O-O-O Ne6 9. Bxf6 gxf6 10. Nb5 a6 11. Nc3 Bd7 12. g3 O-O-O 13. Bg2
Nc5 14. Nf3 Bh6+ 15. Kb1 e5 16. Nd5 Bf5+ 17. Ka1 Nd3 18. Rhf1 c6 19. Ne7+
Kb8 20. Nxf5 Bf8 21. Kb1 h5 22. h3 Bb4 23. N3h4 c5 24. Be4 Nxf2 25. Rxd8+
Rxd8 26. Rxf2 Rd1+ 27. Kc2 Re1 28. Bd5 e4 29. Ng2 Rg1 30. Nge3 Kc7 31. Rf1
Rxf1 32. Nxf1 b5 33. cxb5 axb5 34. a3 Ba5 35. Bxf7 Kd7 36. N1e3 Bb6 37. Bxh5
c4 38. Be2 Ke6 39. Kc3 Bc5 40. b3 cxb3 41. Kxb3 Bd6 42. Nxd6 Kxd6 43. Kb4
Ke5 44. Kxb5 f5 45. a4 f4 46. gxf4+ Kxf4 47. Nf1 e3 48. a5 Ke4 49. a6 Kd4
50. a7 Kc3 51. a8=Q Kd4 52. Qe8 Kc3 53. Qd7 Kc2 54. Qd3+ Kb2 55. Kb4 Kc1 56.
Qc3+ {Black forfeits on time} 1-0

[Event "ICC Open 2015"]
[Site "Internet Chess Club"]
[Date "2015.05.29"]
[Round "2"]
[White "Valai"]
[Black "VolcanoExplorer"]
[Result "1-0"]
[ICCResult "Black forfeits on time"]
[WhiteElo "2484"]
[BlackElo "1991"]
[Opening "Blumenfeld counter-gambit"]
[ECO "E10"]
[NIC "QI.01"]
[Time "14:14:23"]
[TimeControl "180+0"]

1. d4 Nf6 2. c4 e6 3. Nf3 c5 4. d5 b5 5. dxe6 fxe6 6. b3 d5 7. Bg5 Bb7 8.
cxd5 exd5 9. e4 dxe4 10. Bxb5+ Nc6 11. Qxd8+ Rxd8 12. Ne5 Rd6 13. Nd2 Be7
14. Bf4 Kd8 15. Bxc6 Rxc6 16. Nf7+ Kd7 17. Nxh8 Nd5 18. Bg3 e3 19. Nc4 exf2+
20. Kf1 Re6 21. Nf7 Bf6 22. Nfe5+ Bxe5 23. Nxe5+ Ke7 24. Bh4+ Kd6 25. Nc4+
Kd7 26. Bxf2 Nf4 27. Rd1+ Ke7 28. Rg1 Be4 29. g3 Bd3+ 30. Rxd3 Nxd3 31. Be3
Rf6+ 32. Ke2 Nb4 33. Bxc5+ Kd7 34. Bxb4 Re6+ 35. Kd3 Kc6 36. Ne3 Kb5 37. a3
a5 38. Bc3 a4 39. b4 Rd6+ 40. Bd4 Rc6 41. Rf1 Rc7 42. Rf5+ Kc6 43. Rc5+ Kb7
44. Nd5 Rd7 45. Rb5+ Kc6 46. Nc3 g5 47. Rb6+ Kc7 48. Kc4 g4 49. Nd5+
{Black forfeits on time}
1-0

[Event "ICC Open 2015"]
[Site "Internet Chess Club"]
[Date "2015.05.29"]
[Round "2"]
[White "garompon"]
[Black "ShcherbinMatvei"]
[Result "1-0"]
[ICCResult "Black forfeits on time"]
[WhiteElo "2570"]
[BlackElo "1932"]
[Opening "Sicilian defense"]
[ECO "B40"]
[NIC "SI.43"]
[Time "14:14:28"]
[TimeControl "180+0"]

1. e4 c5 2. Nf3 e6 3. c3 d5 4. exd5 Qxd5 5. d4 Nf6 6. Be2 Nc6 7. O-O Be7 8.
c4 Qd6 9. dxc5 Qxd1 10. Rxd1 Bxc5 11. Nc3 O-O 12. a3 a6 13. b4 Ba7 14. Bf4
Re8 15. c5 e5 16. Bg5 Bf5 17. Bxf6 gxf6 18. Nd5 Red8 19. Nxf6+ Kg7 20. Nh5+
Kf8 21. Ng3 Bg6 22. Rxd8+ Rxd8 23. Rd1 Rxd1+ 24. Bxd1 Ke7 25. Ba4 Bb8 26.
Bxc6 bxc6 27. Nd2 Ke6 28. f3 Kd5 29. Ne2 a5 30. Kf2 axb4 31. axb4 f5 32. g3
f4 33. g4 Bc7 34. h4 Bd8 35. h5 Bd3 36. Nc3+ Kd4 37. Nce4 Bh4+ 38. Kg2 Be7
39. g5 Ke3 40. g6 hxg6 41. hxg6 Bf8 42. Nf1+ Kd4 43. Nfd2 Ke3 44. Kh3 Bg7
45. Kg4 Ba6 46. Kg5 Ke2 47. Kg4 Ke3 48. Nb3 Bc8+ 49. Kg5 Kxf3 50. Nd6 Bd7
51. Nf5 Bxf5 52. Kxf5 Ke3 53. Na5 f3 54. Nc4+ Ke2 55. Ke4 f2 56. Ne3 f1=Q
57. Nxf1 Kxf1 58. b5 cxb5 59. c6 b4 60. c7 b3 61. c8=Q b2 62. Qb7 Kf2 63.
Qxb2+ Kg3 64. Qb7 Bh6 65. Qh7 Bf4 66. g7 Kf2 67. g8=Q {Black forfeits on
time} 1-0

[Event "ICC Open 2015"]
[Site "Internet Chess Club"]
[Date "2015.05.29"]
[Round "2"]
[White "Palchinsky01"]
[Black "Ramanip15"]
[Result "0-1"]
[ICCResult "White forfeits on time"]
[WhiteElo "1452"]
[BlackElo "1879"]
[Opening "Sicilian: dragon, Yugoslav attack, 10.O-O-O"]
[ECO "B78"]
[NIC "SI.17"]
[Time "14:14:19"]
[TimeControl "180+0"]

1. e4 c5 2. Nf3 d6 3. d4 cxd4 4. Nxd4 Nf6 5. Nc3 g6 6. Be3 Bg7 7. f3 O-O 8.
Qd2 Nc6 9. O-O-O Bd7 10. Bc4 Rc8 11. Bb3 Ne5 12. h4 Nc4 13. Bxc4 Rxc4 14. h5
Nxh5 15. g4 Nf6 16. Bh6 Nxe4 17. fxe4 Rxd4 18. Qxd4 Bxd4 19. Rxd4 Re8 20.
Rhd1 Bxg4 21. R1d2 Qa5 22. Rd5 Qb6 23. b3 Qg1+ 24. Kb2 Rc8 25. e5 Be6 26.
R5d4 Qg3 27. exd6 Qxc3+ 28. Kb1 exd6 29. Rxd6 Qf6 30. Be3 h5 31. Bd4 Qf1+
32. Kb2 Qe1 33. Bxa7 Qe5+ 34. Kb1 Bf5 35. Rd8+ Rxd8 36. Rxd8+ Kh7 37. Bd4
Qe1+ 38. Kb2 Kh6 39. Rh8+ Kg5 40. Rd8 Qe4 41. Ka3 Qxc2 42. Rd5 Qc1+ 43. Bb2
Qc6 44. Ra5 Qb6 45. b4 Qe3+ 46. Ka4 h4 47. b5 Bd7 48. Ba3 Qd4+ 49. Bb4 Qd1+
50. Ka3 h3 51. b6+ Kg4 52. Bc3 Bf5 53. Rxf5 h2 54. Kb4 Qd6+
{White forfeits on time}
0-1

[Event "ICC Open 2015"]
[Site "Internet Chess Club"]
[Date "2015.05.29"]
[Round "2"]
[White "carlito78"]
[Black "Bleeksk"]
[Result "0-1"]
[ICCResult "White forfeits on time"]
[WhiteElo "1561"]
[BlackElo "1928"]
[Opening "French: advance variation"]
[ECO "C02"]
[NIC "FR.03"]
[Time "14:14:53"]
[TimeControl "180+0"]

1. e4 e6 2. d4 d5 3. e5 c5 4. f4 Qb6 5. c3 Nc6 6. Nf3 Nge7 7. Bd3 cxd4 8.
cxd4 Bd7 9. Bc2 Rc8 10. Nc3 Nb4 11. Bd2 Nxc2+ 12. Qxc2 Nf5 13. Qd3 Bb4 14.
a4 O-O 15. Nb5 Bxd2+ 16. Qxd2 Bxb5 17. axb5 Qxb5 18. Rxa7 Rc4 19. O-O Qb6
20. Ra3 Nxd4 21. Nxd4 Rxd4 22. Qe3 Rb4 23. Qxb6 Rxb6 24. b3 Rc8 25. h3 g6
26. Rf3 Rc2 27. Kh2 Rb2 28. Rc3 Rc6 29. Rxc6 bxc6 30. Kg3 Kg7 31. Kf3 h5 32.
g4 h4 33. f5 gxf5 34. gxf5 exf5 35. Kf4 Kg6 36. Ra6 Rf2+ 37. Ke3 Rc2 38. b4
Kg5 39. Kd3 Rb2 40. Rxc6 Rxb4 41. Rc7 Rb3+ 42. Kc2 Rxh3 43. Rxf7 Re3 44.
Rg7+ Kf4 45. Rh7 Kxe5 46. Rxh4 f4 47. Rh5+ Ke4 48. Kd2 d4 49. Rh8 d3 50.
Re8+ Kf3 51. Rf8 Re4 52. Rg8 Rd4 53. Rh8 Kf2 54. Rh2+ Kg3 55. Rh1 f3 56.
Rg1+ Kh2 57. Rf1 Kg2 58. Re1 f2 59. Re2 Kg1 60. Re3 f1=Q 61. Rg3+ Kf2
{White forfeits on time}
0-1

[Event "ICC Open 2015"]
[Site "Internet Chess Club"]
[Date "2015.05.29"]
[Round "2"]
[White "podkarpacki"]
[Black "kingest1912"]
[Result "0-1"]
[ICCResult "White forfeits on time"]
[WhiteElo "1409"]
[BlackElo "1845"]
[Opening "King's Indian: Zinnowitz variation"]
[ECO "E90"]
[NIC "KI.21"]
[Time "14:14:41"]
[TimeControl "180+0"]

1. Nf3 Nf6 2. d4 g6 3. c4 d6 4. Nc3 Bg7 5. e4 O-O 6. Bg5 h6 7. Bf4 Nbd7 8.
Be2 Qe8 9. O-O c6 10. d5 c5 11. Rb1 g5 12. Be3 Ng4 13. Bd2 Nge5 14. Nxe5
Nxe5 15. f4 gxf4 16. Bxf4 Ng6 17. Be3 f5 18. exf5 Bxf5 19. Bd3 Bxd3 20. Qxd3
Ne5 21. Qe2 Qg6 22. Bf4 Nd3 23. Bg3 Bd4+ 24. Kh1 Be5 25. Rf3 Rxf3 26. Qxf3
Rf8 27. Qe4 Qxe4 28. Nxe4 Bxg3 29. Nxg3 Ne5 30. b3 Rf2 31. Ra1 a5 32. Kg1
Rc2 33. Kf1 Nd3 34. Ne2 Nb4 35. a3 Nd3 36. b4 axb4 37. axb4 cxb4 38. Ra8+
Kf7 39. Rb8 b3 40. Rxb7 b2 41. g3 Rc1+ 42. Kg2 b1=Q 43. Rxb1 Rxb1 44. Kf3
Rb3 45. Ke4 Ne5 46. Nd4 Rb2 47. Nc6 Rc2 48. Nxe5+ dxe5 49. Kxe5 Rxc4 50. g4
Rc2 51. h4 Re2+ {White forfeits on time} 0-1

[Event "ICC Open 2015"]
[Site "Internet Chess Club"]
[Date "2015.05.29"]
[Round "2"]
[White "JCarllsen"]
[Black "Ennjy"]
[Result "1-0"]
[ICCResult "Black forfeits on time"]
[WhiteElo "1808"]
[BlackElo "1531"]
[Opening "Caro-Kann: two knights, 3...Bg4"]
[ECO "B10"]
[NIC "CK.01"]
[Time "14:14:43"]
[TimeControl "180+0"]

1. e4 c6 2. Nf3 d5 3. Nc3 Bg4 4. h3 Bxf3 5. Qxf3 Nf6 6. d4 dxe4 7. Nxe4 Qxd4
8. Bd3 Nxe4 9. Bxe4 e6 10. O-O Nd7 11. Rd1 Qf6 12. Qb3 Nb6 13. Be3 Be7 14.
Bxb6 axb6 15. Qxb6 O-O 16. Qxb7 Rab8 17. Qxc6 Rxb2 18. a4 Rbb8 19. a5 Rfc8
20. Qd7 Bc5 21. Bf3 Rd8 22. Qc7 Rdc8 23. Qd7 Rd8 24. Qa4 Rb4 25. Qc6 Bd4 26.
Rab1 Rxb1 27. Rxb1 Ba7 28. Qc7 Qd4 29. Kh1 Bb8 30. Qb7 Qe5 31. g3 g6 32. a6
Qd4 33. Kg2 Ba7 34. Rf1 Rb8 35. Qc7 Rb2 36. h4 Rxc2 37. Qxc2 Qb6 38. Qc8+
Kg7 39. Qb7 Qd4 40. Qe4 Qc5 41. Qe2 Qd4 42. Re1 Qb6 43. Qe5+ Kh6 44. Qe2 Kg7
45. Rd1 Qa5 46. Qd2 Qb6 47. Qc2 Qc5 48. Qb2+ {Black forfeits on time} 1-0

[Event "ICC Open 2015"]
[Site "Internet Chess Club"]
[Date "2015.05.29"]
[Round "2"]
[White "jorgeearroyo"]
[Black "altoming"]
[Result "0-1"]
[ICCResult "White forfeits on time"]
[WhiteElo "1199"]
[BlackElo "1743"]
[Opening "Vienna game"]
[ECO "C26"]
[NIC "VG.02"]
[Time "14:14:26"]
[TimeControl "180+0"]

1. e4 e5 2. Bc4 Nf6 3. Nc3 Bc5 4. Nf3 d6 5. O-O O-O 6. d3 Bg4 7. Bg5 Bh5 8.
Nd5 Nbd7 9. h3 c6 10. Nxf6+ Nxf6 11. g4 Bg6 12. Nh4 d5 13. exd5 cxd5 14.
Nxg6 hxg6 15. Bxf6 gxf6 16. Bb3 a5 17. Qf3 Bd4 18. Bxd5 Bxb2 19. Rab1 Bd4
20. Rxb7 Rb8 21. Rfb1 Rxb7 22. Rxb7 Qd6 23. Bc4 a4 24. g5 f5 25. h4 e4
{White forfeits on time}
0-1

[Event "ICC Open 2015"]
[Site "Internet Chess Club"]
[Date "2015.05.29"]
[Round "2"]
[White "capatal1"]
[Black "jonesey"]
[Result "0-1"]
[ICCResult "White forfeits on time"]
[WhiteElo "1480"]
[BlackElo "1888"]
[Opening "Queen's pawn game"]
[ECO "A46"]
[NIC "QP.06"]
[Time "14:15:14"]
[TimeControl "180+0"]

1. d4 Nf6 2. Nf3 c5 3. e3 b6 4. c3 Bb7 5. Be2 e6 6. b3 Be7 7. Bb2 O-O 8.
Nbd2 d5 9. dxc5 bxc5 10. O-O Nc6 11. a3 a5 12. Rb1 Rb8 13. c4 Qb6 14. Ba1
Ba6 15. Re1 Rfd8 16. Qc2 Rd7 17. Ng5 g6 18. Ngf3 Rdb7 19. Bd3 Qc7 20. h3 e5
21. e4 d4 22. Nh2 Nh5 23. g3 Rb6 24. Ng4 Bc8 25. Qd1 Nf6 26. Nxf6+ Bxf6 27.
Kg2 Qd7 28. g4 Nd8 29. f3 Ne6 {White forfeits on time} 0-1

[Event "ICC Open 2015"]
[Site "Internet Chess Club"]
[Date "2015.05.29"]
[Round "2"]
[White "nitishdas"]
[Black "talaatabdin"]
[Result "1-0"]
[ICCResult "Black forfeits on time"]
[WhiteElo "1790"]
[BlackElo "1344"]
[Opening "Giuoco Pianissimo: Italian four knights variation"]
[ECO "C47"]
[NIC "RG.01"]
[Time "14:14:08"]
[TimeControl "180+0"]

1. e4 e5 2. Nf3 Nf6 3. Nc3 Nc6 4. Bc4 Bc5 5. d3 h6 6. O-O O-O 7. Be3 Bb6 8.
d4 exd4 9. Nxd4 Nxd4 10. Bxd4 d6 11. Bxb6 axb6 12. Qd3 Be6 13. Rad1 Bxc4 14.
Qxc4 Qe7 15. Rfe1 Rfd8 16. Re3 Nd7 17. Nd5 Qg5 18. Rg3 Qe5 19. f4 Qe6 20.
Qxc7 Qxe4 21. Qxd7 Rxd7 22. Nf6+ Kf8 23. Nxe4 d5 24. Nc3 Rc8 25. Rgd3 Rc5
26. Rxd5 Rdc7 27. Nb5 R7c6 28. Rxc5 bxc5 29. Rd6 Rxd6 30. Nxd6 b6 31. Nc8 b5
32. Na7 b4 33. a4 bxa3 34. bxa3 Ke7 35. Nb5 Kd7 36. c4 Kc6 37. Nc3 Kb6 38.
Kf2 f5 39. h3 g6 40. g4 Ka5 41. gxf5 gxf5 42. Kg3 {Black forfeits on time}
1-0

[Event "ICC Open 2015"]
[Site "Internet Chess Club"]
[Date "2015.05.29"]
[Round "2"]
[White "cheston99"]
[Black "Tomorrowlan"]
[Result "1-0"]
[ICCResult "Black forfeits on time"]
[WhiteElo "2265"]
[BlackElo "2925"]
[Opening "QGD: Cambridge Springs defense, Capablanca variation"]
[ECO "D52"]
[NIC "QO.15"]
[Time "14:16:06"]
[TimeControl "180+0"]

1. d4 d5 2. Nf3 Nf6 3. c4 e6 4. Nc3 Nbd7 5. Bg5 c6 6. e3 Qa5 7. Bxf6 Nxf6 8.
Bd3 Be7 9. O-O O-O 10. e4 dxe4 11. Nxe4 Rd8 12. Qc2 h6 13. a3 Qc7 14. Rad1
Nxe4 15. Bxe4 c5 16. dxc5 Bxc5 17. Rxd8+ Qxd8 18. Rd1 Qc7 19. Qd3 f5 20.
Qd8+ Qxd8 21. Rxd8+ Kf7 22. Bc2 Be7 23. Ne5+ Kf6 24. Nd7+ Kf7 25. Ne5+ Kf6
26. Nd7+ Kg6 27. Ne5+ Kh7 28. Re8 Bf6 29. Nd7 Bxb2 30. Nf8+ Kg8 31. Nxe6+
Kf7 32. Nc7 g6 33. c5 Rb8 34. Bb3+ Kf6 35. Be6 Bxe6 36. Rxb8 Bxa3 37. Nxe6
Kxe6 38. Rxb7 Bxc5 39. Rg7 Kf6 40. Rh7 h5 41. Rc7 Bd4 42. Rc6+ Kg5 43. Ra6
Kh6 44. g3 Bb6 45. Kg2 Kg7 46. Kf3 Kf6 47. h4 g5 48. hxg5+ Kxg5 49. Ra3 h4
50. gxh4+ Kxh4 51. Ra2 Kg5 52. Ra1 Kf6 53. Rg1 Ke6 54. Rh1 Kf6 55. Rh6+ Ke5
56. Rh8 Bd4 57. Re8+ Kf6 58. Rd8 Bb6 59. Rd6+ Ke5 60. Rd1 f4 61. Re1+ Kf5
62. Rb1 Bc7 63. Rb5+ Ke6 64. Rb7 Be5 65. Rxa7 Kf5 66. Ra6 Bc7 67. Ra4
{Black forfeits on time}
1-0

[Event "ICC Open 2015"]
[Site "Internet Chess Club"]
[Date "2015.05.29"]
[Round "2"]
[White "editm"]
[Black "past"]
[Result "1-0"]
[ICCResult "Black resigns"]
[WhiteElo "1802"]
[BlackElo "1817"]
[Opening "Dutch defense, Rubinstein variation"]
[ECO "A40"]
[NIC "QO.17"]
[Time "14:18:46"]
[TimeControl "180+0"]

1. d4 e6 2. c4 f5 3. Nc3 Nf6 4. Bg5 Be7 5. g3 c6 6. Bg2 d5 7. Nf3 O-O 8. O-O
Nbd7 9. Qc2 Qe8 10. Qc1 Bd6 11. Bf4 Be7 12. Bg5 h6 13. Bf4 Ne4 14. a3 g5 15.
Be3 Bd6 16. b4 Nxc3 17. Qxc3 Nf6 18. Ne5 Ne4 19. Qb2 f4 20. Bc1 fxg3 21.
hxg3 Qh5 22. Bxe4 dxe4 23. Be3 Bxe5 24. dxe5 Bd7 25. Rad1 Be8 26. Rd6 Bf7
27. Rfd1 Rae8 28. Rd7 Bg6 29. Rxb7 Bf5 30. Rdd7 Qg6 31. Bc5 Rf7 32. Rxf7
Qxf7 33. Rxf7 Kxf7 34. Qd4 Re7 35. Bxe7 Kxe7 36. Qxa7+ Kf8 37. b5 cxb5 38.
cxb5 e3 39. Qc5+ Kf7 40. Qxe3 {Black resigns} 1-0

[Event "ICC Open 2015"]
[Site "Internet Chess Club"]
[Date "2015.05.29"]
[Round "2"]
[White "ShreyansGhia"]
[Black "Iturrizaga"]
[Result "1-0"]
[ICCResult "Black forfeits on time"]
[WhiteElo "1925"]
[BlackElo "3064"]
[Opening "French defense"]
[ECO "C00"]
[NIC "FR.01"]
[Time "14:17:55"]
[TimeControl "180+0"]

1. e4 e6 2. Bc4 c5 3. Nc3 Nc6 4. d3 a6 5. h4 Nf6 6. Qf3 Nd4 7. Qd1 b5 8. Bb3
Bb7 9. Bg5 Be7 10. Nce2 Nc6 11. e5 Nxe5 12. Bxf6 Bxf6 13. Nf3 Nxf3+ 14. gxf3
Bxf3 15. a4 Bxh1 16. d4 c4 17. Ba2 {Black forfeits on time} 1-0

[Event "ICC Open 2015"]
[Site "Internet Chess Club"]
[Date "2015.05.29"]
[Round "3"]
[White "fyook"]
[Black "MeWantCookie"]
[Result "0-1"]
[ICCResult "White resigns"]
[WhiteElo "1194"]
[BlackElo "1558"]
[Opening "Sicilian: accelerated fianchetto, exchange variation"]
[ECO "B34"]
[NIC "SI.33"]
[Time "14:25:41"]
[TimeControl "180+0"]

1. e4 c5 2. Nf3 g6 3. d4 cxd4 4. Nxd4 Nc6 5. Nxc6 bxc6 6. Bd3 Bg7 7. O-O e6
8. c4 Ne7 9. Nc3 O-O 10. Bd2 d5 11. exd5 cxd5 12. cxd5 Nxd5 13. Nxd5 Qxd5
14. Rb1 Qxd3 15. Bc3 Qxd1 16. Rbxd1 Bxc3 17. bxc3 Ba6 18. Rfe1 Bc4 19. Re4
Rfc8 20. Red4 Bxa2 21. h3 Rxc3 {White resigns} 0-1

[Event "ICC Open 2015"]
[Site "Internet Chess Club"]
[Date "2015.05.29"]
[Round "3"]
[White "rynos0411"]
[Black "chessrex"]
[Result "0-1"]
[ICCResult "White checkmated"]
[WhiteElo "1708"]
[BlackElo "2079"]
[Opening "Philidor: Philidor counter-gambit, Zukertort variation"]
[ECO "C41"]
[NIC "KP.08"]
[Time "14:26:32"]
[TimeControl "180+0"]

1. e4 e5 2. Nf3 d6 3. d4 f5 4. Nc3 fxe4 5. Nxe4 d5 6. Nc3 e4 7. Ne5 Nf6 8.
Bg5 Bb4 9. Bxf6 Qxf6 10. a3 Bxc3+ 11. bxc3 O-O 12. c4 Qxf2# {White
checkmated} 0-1

[Event "ICC Open 2015"]
[Site "Internet Chess Club"]
[Date "2015.05.29"]
[Round "3"]
[White "Durarbeyli"]
[Black "triumphant1"]
[Result "1-0"]
[ICCResult "Black resigns"]
[WhiteElo "2830"]
[BlackElo "2074"]
[Opening "KP: Nimzovich defense"]
[ECO "B00"]
[NIC "VO.05"]
[Time "14:25:30"]
[TimeControl "180+0"]

1. e4 Nc6 2. Nf3 Nf6 3. e5 Ng4 4. d4 d6 5. h3 Nh6 6. Bxh6 gxh6 7. Nc3 dxe5
8. d5 e4 9. Nxe4 Nb4 10. Bb5+ Bd7 11. Bxd7+ Qxd7 12. c4 Rg8 13. Qb3 e6 14.
Nf6+ Kd8 15. Nxd7 {Black resigns} 1-0

[Event "ICC Open 2015"]
[Site "Internet Chess Club"]
[Date "2015.05.29"]
[Round "3"]
[White "chesstempo2"]
[Black "ceffylgwyn"]
[Result "1-0"]
[ICCResult "Black checkmated"]
[WhiteElo "2029"]
[BlackElo "1486"]
[Opening "Modern defense"]
[ECO "A40"]
[NIC "QO.17"]
[Time "14:25:16"]
[TimeControl "180+0"]

1. d4 g6 2. Nf3 Bg7 3. c4 e6 4. Nc3 d6 5. e4 Ne7 6. Be2 h6 7. Be3 O-O 8. Qd2
Kh7 9. h4 f5 10. h5 g5 11. Bxg5 hxg5 12. Nxg5+ Kg8 13. h6 Bf6 14. f4 Kh8 15.
e5 Bxg5 16. fxg5 Ng6 17. Bh5 Qe8 18. O-O-O Nc6 19. Nb5 Qf7 20. Nxc7 Qxc7 21.
Bxg6 Rg8 22. exd6 Qxd6 23. Bf7 Rf8 24. g6 Rd8 25. g7+ Kh7 26. g8=Q+ Rxg8 27.
Bxg8+ Kxg8 28. h7+ Kh8 29. Qg5 Bd7 30. Qf6# {Black checkmated} 1-0

[Event "ICC Open 2015"]
[Site "Internet Chess Club"]
[Date "2015.05.29"]
[Round "3"]
[White "Perseus"]
[Black "jefferyx"]
[Result "0-1"]
[ICCResult "White resigns"]
[WhiteElo "2441"]
[BlackElo "2903"]
[Opening "Polish defense"]
[ECO "A40"]
[NIC "QO.17"]
[Time "14:26:00"]
[TimeControl "180+0"]

1. d4 b5 2. e4 a6 3. Nf3 Bb7 4. Bd3 e6 5. Nbd2 Nf6 6. Qe2 d5 7. e5 Nfd7 8.
c3 c5 9. a3 Nc6 10. O-O g5 11. h3 h5 12. dxc5 g4 13. Nd4 Ncxe5 14. b4 gxh3
15. gxh3 Qh4 16. Kh2 Qf4+ 17. Kh1 Qh4 18. Kh2 Rg8 19. N2f3 Ng4+ 20. Kg2 Ne3+
21. Kh2 Rg2+ {White resigns} 0-1

[Event "ICC Open 2015"]
[Site "Internet Chess Club"]
[Date "2015.05.29"]
[Round "3"]
[White "jaybird"]
[Black "ALexiz"]
[Result "0-1"]
[ICCResult "White resigns"]
[WhiteElo "1500"]
[BlackElo "1795"]
[Opening "Dutch defense, Rubinstein variation"]
[ECO "A84"]
[NIC "HD.10"]
[Time "14:26:21"]
[TimeControl "180+0"]

1. d4 f5 2. c4 e6 3. Nc3 Bb4 4. g3 Bxc3+ 5. bxc3 Nf6 6. Bg2 d6 7. Nh3 O-O 8.
O-O Ne4 9. Qc2 d5 10. cxd5 exd5 11. Nf4 c6 12. f3 Nd6 13. Ba3 Re8 14. Rae1
Nc4 15. Bc1 Ne3 16. Qd3 Nxf1 17. Kxf1 Nd7 18. e4 fxe4 19. fxe4 dxe4 20. Bxe4
Nf6 21. Qc4+ Kh8 22. Kg2 Nxe4 {White resigns} 0-1

[Event "ICC Open 2015"]
[Site "Internet Chess Club"]
[Date "2015.05.29"]
[Round "3"]
[White "Kyekerz"]
[Black "Govindan"]
[Result "0-1"]
[ICCResult "White checkmated"]
[WhiteElo "1246"]
[BlackElo "1571"]
[Opening "Ruy Lopez: Berlin defense, 4.O-O, d6"]
[ECO "C66"]
[NIC "RL.02"]
[Time "14:25:16"]
[TimeControl "180+0"]

1. e4 e5 2. Nf3 Nc6 3. Bb5 d6 4. O-O Nf6 5. Re1 Be7 6. c3 O-O 7. d4 exd4 8.
cxd4 a6 9. Ba4 Bg4 10. Bxc6 bxc6 11. Nbd2 d5 12. e5 Nh5 13. Qc2 Qd7 14. h3
Bf5 15. g4 Bxc2 16. gxh5 Qxh3 17. Re2 Bd3 18. Re3 Be4 19. Ng5 Qg2#
{White checkmated}
0-1